Cogmind - Beta 12 @@@ ROGUE MODE // 2023.09.15 @ 08:41:01 Player: TheLargestBoi Result: Self-destructed Performance ------------- Evolutions (1) 500 Regions Visited (3) 600 Robots Destroyed (22) 110 Value Destroyed (445) 445 Prototype IDs (0) 0 Alien Tech Used (0) 0 Bonus (0) 0 TOTAL SCORE: 1655 Bonus ------- None Cogmind --------- Core Integrity 374/400 Matter 40/300 Energy 160/160 System Corruption 0% Temperature Warm (180) Movement Hovering (116) Ox1 Location -9/Materials Parts ------- > --- POWER (1) -------- Light Nuclear Core > --- PROPULSION (3) --- Improved Hover Unit Improved Hover Unit > --- UTILITY (3) ------ Small Storage Unit Sensor Array Improved Terrain Scanner > --- WEAPON (2) ------- Assault Rifle Bore Cannon > --- INVENTORY (8) ---- Aluminum Leg Aluminum Leg Heat Sink Improved Light Cannon Improved Light Cannon Improved Light Cannon Grenade Launcher Mining Laser Peak State ------------ > --- POWER ------------ Light Nuclear Core > --- PROPULSION ------- Improved Hover Unit Improved Hover Unit Improved Hover Unit > --- UTILITY ---------- Small Storage Unit Sensor Array Improved Terrain Scanner > --- WEAPON ----------- Improved Light Cannon Bore Cannon > --- INVENTORY -------- Aluminum Leg Aluminum Leg Assault Rifle Improved Light Cannon Improved Light Cannon Grenade Launcher Mining Laser [Rating: 21] Favorites ----------- Power Ion Engine Engine Ion Engine Power Core Light Nuclear Core Propulsion Aluminum Leg Leg Aluminum Leg Hover Unit Improved Hover Unit Utility Small Storage Unit Device Improved Terrain Scanner Storage Small Storage Unit Weapon Small Laser Energy Gun Small Laser Ballistic Gun Assault Rifle Ballistic Cannon Bore Cannon Launcher Grenade Launcher Special Weapon Mining Laser Build | -11 -10 -10 -9 ------- Run | Jun Mat Min Mat Slots Evolved 2 | . . . 2 Power . | . . . . Propulsion 1 | . . . 1 Utility 1 | . . . 1 Weapon . | . . . . Parts Attached 26 | 7 7 3 9 Power 2 | 1 . . 1 Engine 1 | 1 . . . Core 1 | . . . 1 Reactor . | . . . . Propulsion 6 | 2 . . 4 Treads . | . . . . Leg 3 | 2 . . 1 Wheel . | . . . . Hover 3 | . . . 3 Flight . | . . . . Utility 3 | 2 . . 1 Device 2 | 1 . . 1 Storage 1 | 1 . . . Processor . | . . . . Hackware . | . . . . Protection . | . . . . Artifact . | . . . . Weapon 15 | 2 7 3 3 Energy Gun 2 | 1 1 . . Energy Cannon . | . . . . Ballistic Gun 5 | 1 3 . 1 Ballistic Cannon 2 | . . 1 1 Launcher 4 | . 2 2 . Special Weapon 2 | . 1 . 1 Impact Weapon . | . . . . Slashing Weapon . | . . . . Piercing Weapon . | . . . . Special Melee Weapon . | . . . . Unidentified Prototypes . | . . . . Parts Lost 1 | . . . 1 Power . | . . . . Propulsion 1 | . . . 1 Utility . | . . . . Weapon . | . . . . Highest Loss Streak 1 | . . . 1 To Critical Strikes . | . . . . Average Slot Usage (%) 95 | . 100 92 85 Engine 11 | . 14 14 . Core 1 | . . . 10 Leg 23 | . 28 28 . Hover 5 | . . . 30 Device 13 | . 14 14 13 Storage 13 | . 14 14 11 Energy Gun 9 | . 13 5 . Ballistic Gun 7 | . 11 . 2 Ballistic Cannon 4 | . . 8 12 Launcher 3 | . 2 6 1 Naked Turns . | . . . . Heaviest Build 25 | 13 15 23 25 Greatest Support 30 | 20 20 20 30 Greatest Overweight (x) 7 | . . 1 7 Average Overweight (x) . | . . . . Largest Inventory Capacity 8 | 8 8 8 8 Average Capacity 7 | 7 8 8 8 Most Carried 8 | 4 7 8 8 Average Carried 5 | 1 5 7 7 Final Capacity 8 | 8 8 8 8 Final Carried 8 | 3 6 7 8 Class Distribution -------------------- 100% | Mutant Dominant Class ---------------- Mutant | -10/Materials Mutant | -10/Mines Mutant | -9/Materials Resources | -11 -10 -10 -9 ----------- Run | Jun Mat Min Mat Matter Collected 535 | 256 133 22 124 Remotely . | . . . . Salvage Created 428 | 27 216 71 114 Parts 24 | 3 10 5 6 Haulers Intercepted . | . . . . Recyclers Shooed . | . . . . Parts Field Recycled . | . . . . Retrieved Matter . | . . . . Parts Self-Destructed . | . . . . Prevented . | . . . . Kills | -11 -10 -10 -9 ------- Run | Jun Mat Min Mat Combat Hostiles Destroyed 17 | . 6 8 3 Guns 5 | . 3 1 1 Cannons 2 | . . . 2 AOE 10 | . 3 7 . Classes Destroyed 8 | 1 4 1 2 Worker 1 | . . 1 . Tunneler 1 | 1 . . . Recycler 1 | . 1 . . Operator 1 | . 1 . . Watcher 1 | . . . 1 Swarmer 9 | . 3 6 . Grunt 7 | . 3 2 2 Sentry 1 | . . . 1 Best Kill Streak 3 | 1 3 3 1 Combat Bots Only 3 | . 3 3 1 Max Kills in Single Turn 3 | 1 3 2 1 Gunslinging . | . . . . Exploded 3 | . 3 2 . Melee . | . . . . Uniques/NPCs Destroyed . | . . . . Combat | -11 -10 -10 -9 -------- Run | Jun Mat Min Mat Damage Taken 539 | . 159 178 202 Core 101 | . 32 43 26 Absorbed by Shields . | . . . . Core Remaining (%) 85 | 100 . 70 . Volleys Fired 54 | 3 24 11 16 Largest 2 | 2 2 2 2 Hottest 100 | 60 100 87 100 Shots Fired 105 | 6 47 22 30 Gun 73 | 6 45 9 13 Cannon 17 | . . 2 15 Launcher 12 | . 1 11 . Special 3 | . 1 . 2 Kinetic 55 | 3 22 2 28 Thermal 38 | 3 24 9 2 Explosive 12 | . 1 11 . Electromagnetic . | . . . . Robot Hit Streak 13 | 2 11 8 13 Robot Miss Streak 5 | 3 4 5 2 Penetration Max . | . . . . Secondary Targets . | . . . . Shots Hit Robots 64 | 2 35 7 20 Core Hits 35 | 1 15 12 7 Critical Kills . | . . . . Critical Parts Destroyed 5 | . . 1 4 Critical Strikes 7 | . . 1 6 Destroy 7 | . . 1 6 Melee Attacks . | . . . . Impact . | . . . . Slashing . | . . . . Piercing . | . . . . Sneak Attacks . | . . . . Combat Hostiles . | . . . . Follow-up Attacks . | . . . . Damage Inflicted 1462 | 19 530 564 349 Guns 587 | 19 405 21 142 Cannons 230 | . . 23 207 Explosions 642 | . 122 520 . Melee . | . . . . Ramming 3 | . 3 . . Kinetic 603 | 7 224 23 349 Thermal 214 | 12 181 21 . Explosive 642 | . 122 520 . Electromagnetic . | . . . . Impact . | . . . . Slashing . | . . . . Piercing . | . . . . Highest Corruption . | . . . . Average Corruption . | . . . . Corruption Purged . | . . . . Corruption Blocked . | . . . . Overload Shots . | . . . . Overflow Damage . | . . . . Projectiles . | . . . . Explosions . | . . . . Melee . | . . . . Knockbacks 2 | . . . 2 Impact . | . . . . Kinetic 2 | . . . 2 Secondary . | . . . . Self-Inflicted Damage 66 | . 11 55 . Shots 3 | . 1 2 . Rammed . | . . . . Targets Rammed 2 | . 2 . . Kicked 2 | . 2 . . Crushed . | . . . . Highest Temperature 180 | 20 36 54 180 Average Temperature 35 | 15 15 21 58 Received Heat Transfer 129 | . 51 27 51 Siege Activations . | . . . . Robots Corrupted . | . . . . Combat Hostiles . | . . . . Parts Fried . | . . . . Impact Corruptions . | . . . . Robots Melted . | . . . . Combat Hostiles . | . . . . Parts Melted 1 | . 1 . . Heat Transferred 475 | 25 400 50 . Parts Sabotaged . | . . . . Parts Stolen . | . . . . Parts Stripped . | . . . . Power Chain Reactions . | . . . . Missiles Intercepted . | . . . . Alert | -11 -10 -10 -9 ------- Run | Jun Mat Min Mat Peak Influence 267 | 5 194 267 240 Initial 104 | . 3 11 104 Average 74 | 1 29 156 140 Maximum Alert Level 1 | . . 1 1 Low Security (%) 95 | 100 100 89 88 Level 1 4 | . . 10 11 Level 2 . | . . . . Level 3 . | . . . . Level 4 . | . . . . Level 5 . | . . . . High Security . | . . . . Max Security . | . . . . Squads Dispatched 4 | . 3 . 1 Investigation 1 | . . . 1 Extermination . | . . . . Reinforcement 3 | . 3 . . Assault . | . . . . Garrison . | . . . . Intercept . | . . . . Searches Triggered . | . . . . Construction Impeded . | . . . . Haulers Reinforced . | . . . . Active Scanning Responses . | . . . . Cargo Convoy Interrupts . | . . . . Stealth | -11 -10 -10 -9 --------- Run | Jun Mat Min Mat Distress Signals 2 | . 1 . 1 Communications Jammed . | . . . . Distress Signals . | . . . . Times Spotted 28 | . 12 8 8 Peak Tracking Total 4 | . 4 3 4 Tactical Retreats 1 | . 1 . . Traps | -11 -10 -10 -9 ------- Run | Jun Mat Min Mat Traps Triggered . | . . . . Indirectly . | . . . . Trap Hack Attempts . | . . . . Triggered . | . . . . Disarmed . | . . . . Reprogrammed . | . . . . Reused . | . . . . Traps Extracted . | . . . . Installed . | . . . . Triggered . | . . . . Machines | -11 -10 -10 -9 ---------- Run | Jun Mat Min Mat Machines Disabled 1 | . . . 1 Max in Single Turn 1 | . . . 1 Machines Repaired . | . . . . Machines Sabotaged . | . . . . Overloaded Fab Kills . | . . . . Hacking | -11 -10 -10 -9 --------- Run | Jun Mat Min Mat Machines Accessed 6 | . 4 . 2 Terminals 4 | . 3 . 1 Fabricators . | . . . . Repair Stations . | . . . . Recycling Units 2 | . 1 . 1 Scanalyzers . | . . . . Garrison Access . | . . . . Total Hacks 22 | . 14 . 8 Successful 9 | . 7 . 2 Failed 13 | . 7 . 6 Catastrophic . | . . . . Database Lockouts . | . . . . Manual 18 | . 10 . 8 Terminals 14 | . 10 . 4 Fabricators . | . . . . Repair Stations . | . . . . Recycling Units 8 | . 4 . 4 Scanalyzers . | . . . . Garrison Access . | . . . . Terminal Hacks 3 | . 3 . . Level Access Points 1 | . 1 . . Locate Traps 1 | . 1 . . Registered Components 1 | . 1 . . Fabricator Hacks . | . . . . Repair Station Hacks . | . . . . Recycling Unit Hacks 1 | . 1 . . Report Inventory 1 | . 1 . . Scanalyzer . | . . . . Garrison Access Hacks . | . . . . Unauthorized Hacks 5 | . 3 . 2 Terminals 2 | . 1 . 1 Botnet 2 | . 1 . 1 Fabricators . | . . . . Repair Stations . | . . . . Recycling Units 3 | . 2 . 1 Reject 1 | . 1 . . Mask 1 | . 1 . . Tunnel 1 | . . . 1 Scanalyzers . | . . . . Garrison Access . | . . . . Data Cores Recovered . | . . . . Used . | . . . . Hacking Detections 6 | . 4 . 2 Full Trace Events . | . . . . Feedback Events . | . . . . Feedback Blocked . | . . . . Robot Schematics Acquired . | . . . . Robots Built . | . . . . Authchips . | . . . . Time . | . . . . Total Robot Build Rating . | . . . . Part Schematics Acquired . | . . . . Parts Built . | . . . . Authchips . | . . . . Time . | . . . . Total Part Build Rating . | . . . . Parts Repaired . | . . . . Time . | . . . . Parts Recycled . | . . . . Recycled Matter . | . . . . Retrieved Matter . | . . . . Retrieved Components . | . . . . Parts Scanalyzed . | . . . . Part Schematics Acquired . | . . . . Parts Damaged . | . . . . Bothacking | -11 -10 -10 -9 ------------ Run | Jun Mat Min Mat Used RIF Installer . | . . . . Robots Hacked . | . . . . Non-combat . | . . . . Combat . | . . . . Robot Hacks Applied . | . . . . Relay Couplers Released . | . . . . Fabnet Peak Effective % . | . . . . Robots Rewired . | . . . . Allies Hacked . | . . . . Hacks Repelled . | . . . . Allies | -11 -10 -10 -9 -------- Run | Jun Mat Min Mat Total Allies . | . . . . Largest Group . | . . . . Highest-Rated Group . | . . . . Highest-Rated Ally . | . . . . Total Orders . | . . . . Ally Attacks . | . . . . Total Damage . | . . . . Kills . | . . . . Allies Corrupted . | . . . . Allies Melted . | . . . . Intel | -11 -10 -10 -9 ------- Run | Jun Mat Min Mat Robot Analysis Total . | . . . . Derelict Logs Recovered . | . . . . Drone Launches . | . . . . Drone Recoveries . | . . . . Exploration | -11 -10 -10 -9 ------------- Run | Jun Mat Min Mat Turns Passed 1699 | 96 945 378 280 Spaces Moved 927 | 64 376 273 214 Core 6 | 4 . . 2 Treads . | . . . . Legs 715 | 60 376 273 6 Wheels . | . . . . Hover 206 | . . . 206 Flight . | . . . . Fastest Speed 50 | 50 120 120 52 Average Speed 109 | 115 120 125 68 Slowest Speed 400 | 120 120 190 400 Overloaded Moves . | . . . . Propulsion Burnouts . | . . . . Robots Hopped . | . . . . Cave-ins Triggered . | . . . . Exploration Rate (%) 37 | 4 62 68 15 Regions Visited 3 Branch Regions 1 Pre-discovered Areas 1 | . . . 1 Known Exits Taken 1 | . . 1 . Unknown Exits Taken 2 | 1 1 . . Scrap Searched . | . . . . Spaces Dug 3 | . 1 . 2 Terrain Destroyed 98 | . 8 82 8 Melee . | . . . . Projectile 11 | . 1 2 8 AOE 87 | . 7 80 . Terrain Rammed . | . . . . Walls Destroyed . | . . . . Machines Disabled . | . . . . Actions | -11 -10 -10 -9 --------- Run | Jun Mat Min Mat Total 1497 | 77 817 288 315 Wait 464 | . 404 . 60 Move 924 | 63 375 272 214 Hop . | . . . . Pick Up 15 | 4 4 . 7 Fast Attach 11 | 6 . 1 4 Attach 4 | 1 . 1 2 Detach 3 | . . 2 1 Swap 11 | . 7 1 3 Drop 9 | . 1 . 8 Fire 54 | 3 24 11 16 Melee . | . . . . Ram . | . . . . Kick 2 | . 2 . . Crush . | . . . . Escape Stasis . | . . . . Rewire . | . . . . Trap . | . . . . Miscellaneous . | . . . . Route ------- -11/Junkyard -10/Materials (discovered 5 exits: Mat x3 / [*Min x2]) -10/Mines (discovered 2 exits: *Mat x2) -9/Materials History --------- Turn | Location | Event 5 | -11/Junkyard | Discovered new exit (range 16) 97 | -11/Junkyard | Entered Materials 329 | -10/Materials | Build established: Mutant 358 | -10/Materials | Identified exit to Materials 530 | -10/Materials | Discovered new exit (range 12) 691 | -10/Materials | Discovered new exit (range 16) 1042 | -10/Materials | Entered Mines 1057 | -10/Mines | Met a Derelict bent on vengeance 1192 | -10/Mines | A weapon hastily lodged in a ceiling crevice suddenly fell to the ground 1211 | -10/Mines | Discovered exit to Materials (range 9) 1373 | -10/Mines | Discovered exit to Materials (range 8) 1420 | -10/Mines | Entered Materials 1420 | -9/Materials | Evolved 2 slots: Propulsion x1, Utility x1 1700 | -9/Materials | Self-destructed Last Messages --------------- 01680_ K-01 Serf collects debris. 01682_ Y-45 Defender suffers critical hit (Destroy). 01682_ Destroyed Lgt. Treads. 01684_ K-01 Serf collects debris. 01685_ Y-45 Defender suffers critical hit (Destroy). 01685_ Destroyed Imp. Ion Engine. 01687_ R-06 Scavenger collects Ion Engine. 01688_ HV Slug penetrates Y-45 Defender. 01688_ Y-45 Defender suffers critical hit (Destroy). 01688_ Imp. Hover Unit destroyed. 01691_ HV Slug penetrates Y-45 Defender. 01691_ Y-45 Defender suffers critical hit (Destroy). 01691_ HV Slug penetrates Earth. 01694_ Y-45 Defender destroyed. 01694_ HV Slug penetrates Door. 01695_ Acquired 34 matter. 01696_ K-01 Serf collects debris. 01697_ HV Slug penetrates Wall. 01698_ U-05 Engineer builds a Wall. 01699_ K-01 Serf collects debris. Map ----- +----------------------------------------------------+ | ?????????????????????????????????????????????????? | | ?????????????????????????????????????????????????? | | ?????????????????????????????????????????????????? | | ?????????????????????????????????????????????????? | | ?????????????????????????????????????????????????? | | ?????????????????????????????????????????????????? | | ?????????????????????????????????????????????????? | | ?????????????????????????????????????????????????? | | ?????????????????????????????????????????????????? | | ?????????????????????????????????????????????????? | | ?????????????????????????????????????????????????? | | ????????????????????#????????????????????????????? | | ????????????????? ???????????????????????????????? | | ???????????????????????????????##????????????????? | | ??????????????#?#???????#????????????????????????? | | ??????????????? # ?????????????????? ????????????? | | ???????????????#" #?#????????????????????????????? | | ???????????????? ?????????????????????????????? | | ????????????????? ????????????????????????????? | | ?????????????????? ????????????????????????????? | | ???????????????????##u????? ?? ??????????????????? | | ?????????????????#??#u ???"?????????? ???????????? | | ????????????????????# ?????????????????????????? | | ????????????????#???#u #########??? ????????????? | | ??????????????#???#?? %;%r!!! #????????????????? | | ?????????????????????? ?#@k!! #???? ???????????? | | ????????????????????? ??# ! #???????#????????? | | ????????????????#???#?? # #??? ???????????? | | ????????????????????# ??# #????????????????? | | ?????????????????? ?# ?#s #?##?????????????? | | ??????????????#?????# ?# s #????????#???????? | | ???????????######?### ##s;######??#????????????? | | ??????????? % #???????????????????? | | ??????????? #???#??? ???????????? | | ???????????!%! #?#??#??????????????? | | ????????????############### ;#?????? ??? ????????? | | ???????????##########?????#u####????? ???????????? | | ?????????#?? #????#?# #?#????? ??????????? | | ??? ?? ??# ? #????### ##???????????????????? | | ?????????# """ ######"# #??????? ????????????? | | ?????? ??# """"" # ##+######?? ?? ?????????? | | ?????????# """"" # ! ] # #?????#?????????? | | ?????????# """"" # !] # #?#?#???????????? | | ?????????# """ # # #????#??????????# | | ?????????# # # """ #???#???????????? | | ?????#########+###/# # """""###?#?????#?????? | | ?????# + # """""##?##???????????? | | ??#??# ##/####### """""#???????????????? | | ?????# # ## """ #???????????????? | | ?????# ######## """ ## #???????????????? | +----------------------------------------------------+ Best States ------------- Heat Dissipation 28 Energy Generation 14 Energy Capacity 250 Matter Stores 300 Matter Capacity 300 Sight Range 16 Robot Scan Range 14 Terrain Scan Range 16 Terrain Scan Density 10 Evasion (%) 55 Item Schematics ----------------- None Robot Schematics ------------------ None Fabricated ------------ Nothing Alien Tech Used ----------------- None Achievements -------------- None Challenges ------------ None Game ------ Seed GrenadeThunderMaul Manual? 0 Play Time 00:15:46 Cumulative 16.6 hours Start 2023.09.15 @ 08:26:52 End 2023.09.15 @ 08:41:01 Sessions 1 Manual Loads 0 Difficulty Rogue Special Mode None Game No. 28 Rogue 28 Adventurer 0 Explorer 0 Win Type - Total 1 Types 1/0/0/0/0/0/0/0/0 Lore% 13 Gallery% 22 Achievement% 30 Wizard Run 0 Options --------- ASCII 0 Keyboard 0 Movement Numpad Keybinds 0 Fullscreen 1 Font 18/SmallcapsGlow Map View 76x50 Tactical HUD 1 Map Filters NONE Filters NONE Steam 1 RUN: 801256e4-cbed-4ca6-9766-852c074713eb